 Dungeon Crawl Stone Soup version 0.21.1-1-g345015f (webtiles) character file.

6234 Inarius the Slicer (level 10, -7/53 HPs)
             Began as a Vine Stalker Fighter on Feb 19, 2018.
             Was a High Priest of Okawaru.
             Killed by divine providence
             ... invoked by an orc priest
              (15 damage)
             ... on level 9 of the Dungeon.
             The game lasted 00:21:27 (6644 turns).

Inarius the Slicer (Vine Stalker Fighter)           Turns: 6644, Time: 00:21:27

Health: -7/53      AC: 14    Str: 26    XL:     10   Next: 92%
Magic:  0/12       EV:  5    Int:  8    God:    Okawaru [*****.]
Gold:   170        SH: 13    Dex: 14    Spells: 9/9 levels left

rFire    + . .     SeeInvis .   d - +2 short sword (speed)
rCold    x . .     Gourm    .   c - +0 shield
rNeg     . . .     Faith    .   s - +0 plate armour
rPois    .         Spirit   +   t - +1 helmet
rElec    .         Reflect  +   (no cloak)
rCorr    .         Harm     .   (no gloves)
MR       +....                  (no boots)
Stlth    ..........             y - +2 amulet of reflection
HPRegen  0.57/turn              x - ring of fire
MPRegen  0.13/turn              B - +4 ring of strength

@: no status effects
A: fangs 3, regeneration 1, magic shield, antimagic bite, no potion heal 3, rot
immunity
a: Heroism, Finesse, Renounce Religion


You were on level 9 of the Dungeon.
You worshipped Okawaru.
Okawaru was extremely pleased with you.
You were not hungry.

You visited 1 branch of the dungeon, and saw 9 of its levels.

You collected 467 gold pieces.
You spent 297 gold pieces at shops.

Inventory:

Hand Weapons
 a - a +0 long sword
 d - a +2 short sword of speed (weapon)
Armour
 c - a +0 shield (worn)
 s - a +0 plate armour (worn)
 t - a +1 helmet (worn)
Jewellery
 q - an uncursed amulet of magic regeneration
 x - a ring of fire (left hand)
 y - a +2 amulet of reflection (around neck)
 B - a +4 ring of strength (right hand)
Wands
 g - a wand of iceblast (3)
 u - a wand of acid (10)
 v - a wand of enslavement (27)
 A - a wand of polymorph (16)
 D - a wand of paralysis (7)
Scrolls
 e - 6 scrolls of remove curse
 h - a scroll of amnesia {unknown}
 j - 4 scrolls of magic mapping {unknown}
 k - 2 scrolls of teleportation {unknown}
 m - a scroll of random uselessness {unknown}
 p - a scroll of fog {unknown}
 r - a scroll of enchant weapon {unknown}
 w - 2 scrolls of enchant armour {unknown}
Potions
 b - a potion of flight {unknown}
 i - a potion of lignification
 l - a potion of brilliance {unknown}
 n - 3 potions of cancellation
 o - 2 potions of resistance {unknown}
 z - a potion of heal wounds {unknown}
 C - 2 potions of haste {unknown}
 G - 3 potions of degeneration {unknown}
Books
 E - a book of Clouds

   Spells                             Type                      Level
   a - Poisonous Vapours              Poison/Air                   2
   b - Mephitic Cloud                 Conjuration/Poison/Air       3
   c - Conjure Flame                  Conjuration/Fire             3
   d - Freezing Cloud                 Conjuration/Ice/Air          6
   e - Ring of Flames                 Charms/Fire                  7
Comestibles
 f - 14 rations
 F - 7 chunks of flesh


   Skills:
 * Level 6.7 Fighting
 * Level 9.8(10.3) Short Blades
 - Level 4.8(8.0) Long Blades
 + Level 5.5 Armour
 + Level 0.5 Dodging
 - Level 1.1 Stealth
 - Level 5.1 Shields
 * Level 2.5 Invocations
 + Level 1.7 Evocations


You had 9 spell levels left.
You didn't know any spells.

Dungeon Overview and Level Annotations

Branches:
Dungeon (9/15)             Temple (0/1) D:5             Orc (0/2) D:9
   Lair: D:8-11

Altars:
Ashenzari
Cheibriados
Dithmenos
Fedhas
Gozag
Kikubaaqudgha
Makhleb
Okawaru
Sif Muna
Uskayaw
Vehumet
Wu Jian
Zin
The Shining One
Beogh

Shops:
D:5 [:   D:6 =


Innate Abilities, Weirdness & Mutations

You have razor-sharp teeth.
Your natural rate of healing is unusually fast.
When hurt, damage is shared between your health and your magic reserves.
Your bite disrupts and absorbs the magic of your enemies.
Potions cannot restore your health.
You are immune to rotting.


Message History

An orc and an orc warrior come into view.
There is an open door here.
Things that are here:
a flail; a ring mail; an orc corpse The orc priest mumbles some strange prayers to Beogh against you.
Beogh smites you!
The orc priest looks braver for a moment.
The orc priest looks braver for a moment.
The orc priest mumbles some strange prayers to Beogh against the orc priest.
Beogh smites you!
* * * LOW HITPOINT WARNING * * *
You hear a shout!
The orc wizard mumbles some strange words.
The orc wizard seems to speed up.
The orc priest looks braver for a moment.
The orc warrior hits you with a dire flail.
* * * LOW HITPOINT WARNING * * *
The orc priest invokes the aid of Beogh against you.
Beogh smites you!
You die...

....####..####.##...8...8...#
#########+####.##...........
................# #..)....#
.......>........# #..ooo..#
................# ##)##
......########.## ##8.8##
......##....##'## ##8o..8## ###
.....)')........###8o....8###..#
......#.........@.oo...........#
......#<..............>........#
......#........................#
......#........##+####...##...##
......##.......##...##...##...##.
......##.......##................
......##.........................
....<.##.....................(...
.......#............##...##...##.


You could see an orc warrior, an orc priest and 2 orc wizards.

Vanquished Creatures
  2 two-headed ogres
  A hippogriff (D:8)
  6 slime creatures
  The ghost of SaintRoka the Ruffian, an amateur VSGl (D:4)
  A hungry ghost (D:8)
  Edmund (D:5)
  A sky beast (D:7)
  3 ice beasts (D:8)
  2 orc warriors
  2 phantoms
  A black bear (D:4)
  2 ogres
  A hornet zombie (D:5)
  3 centaurs
  Blork the orc (D:6)
  2 bullfrogs
  5 killer bees (D:9)
  4 howler monkeys
  A vampire bat (D:5)
  2 crimson imps (D:7)
  2 bullfrog zombies (D:6)
  A quasit (D:5)
  A bullfrog skeleton (D:4)
  A gnoll shaman (D:8)
  7 orc priests
  2 hounds
  4 orc wizards
  2 centaur skeletons
  An iguana (D:5)
  Natasha (thrice) (D:4)
  8 worker ants
  A hound zombie (D:5)
  2 hound skeletons (D:8)
  A worker ant zombie (D:6)
  Robin (D:3)
  4 gnolls (D:8)
  10 adders
  An ooze (D:5)
  2 adder skeletons
  2 worms
  2 dart slugs
  6 leopard geckos
  45 orcs
  2 ball pythons (D:3)
  3 bat skeletons (D:5)
  2 bat zombies (D:5)
  7 giant cockroaches
  16 goblins
  9 hobgoblins
  18 jackals
  6 quokkas
  A ball python skeleton (D:5)
  5 bats
  A frilled lizard (D:4)
  A jackal skeleton (D:6)
  7 kobolds
  A quokka zombie (D:8)
  5 rats
235 creatures vanquished.

Notes
Turn   | Place    | Note
-------+----------+-------------------------------------------
     0 | D:1      | Inarius the Vine Stalker Fighter began the quest for the Orb.
     0 | D:1      | Reached XP level 1. HP: 11/11 MP: 2/2
    80 | D:1      | Reached XP level 2. HP: 16/16 MP: 3/3
   340 | D:1      | Reached XP level 3. HP: 20/20 MP: 4/4
   916 | D:2      | Found an iron altar of Okawaru.
   923 | D:2      | Became a worshipper of Warmaster Okawaru
   948 | D:2      | Gained mutation: Your natural rate of healing is unusually fast. [Vine Stalker growth]
   948 | D:2      | Reached XP level 4. HP: 23/24 MP: 3/5
  1023 | D:2      | Found an ornate altar of the Wu Jian Council.
  1169 | D:2      | Found a deep blue altar of Sif Muna.
  1223 | D:3      | Reached XP level 5. HP: 25/28 MP: 4/6
  2129 | D:4      | Noticed Robin
  2130 | D:4      | Found a shadowy altar of Dithmenos.
  2238 | D:3      | Killed Robin
  2238 | D:3      | Reached XP level 6. HP: 26/32 MP: 7/7
  2298 | D:4      | Found an opulent altar of Gozag.
  2435 | D:4      | Noticed Natasha
  2441 | D:4      | Killed Natasha
  2473 | D:4      | Found a blossoming altar of Fedhas.
  2558 | D:4      | Noticed Natasha
  2573 | D:4      | Killed Natasha
  2667 | D:4      | Reached * piety under Okawaru
  2766 | D:4      | Noticed Natasha
  2768 | D:4      | Noticed SaintRoka's ghost (amateur VSGl)
  2787 | D:4      | Killed Natasha
  2787 | D:4      | Reached XP level 7. HP: 29/36 MP: 6/8
  2799 | D:4      | Killed SaintRoka's ghost
  2821 | D:4      | Found a radiant altar of Vehumet.
  2933 | D:5      | Entered Level 5 of the Dungeon
  3019 | D:4      | Reached skill level 1 in Short Blades
  3098 | D:5      | Found an ancient bone altar of Kikubaaqudgha.
  3114 | D:5      | Reached ** piety under Okawaru
  3153 | D:5      | Gained mutation: You have razor-sharp teeth. [Vine Stalker growth]
  3153 | D:5      | Reached XP level 8. HP: 42/42 MP: 9/9
  3160 | D:5      | Reached skill level 2 in Short Blades
  3242 | D:5      | Reached skill level 5 in Shields
  3479 | D:5      | Found Nenak's Book Boutique.
  3484 | D:5      | Found Fiatienic's Antique Armour Shop.
  3523 | D:5      | Reached skill level 3 in Short Blades
  3676 | D:5      | Reached skill level 1 in Invocations
  3681 | D:5      | Found a staircase to the Ecumenical Temple.
  3805 | D:6      | Reached skill level 4 in Short Blades
  3905 | D:5      | Reached *** piety under Okawaru
  3911 | D:5      | Reached skill level 5 in Short Blades
  3911 | D:5      | Reached XP level 9. HP: 44/46 MP: 11/11
  3921 | D:6      | Noticed Blork the orc
  3934 | D:6      | Killed Blork the orc
  3961 | D:6      | Noticed Edmund
  4016 | D:5      | Killed Edmund
  4016 | D:5      | Reached skill level 5 in Fighting
  4035 | D:6      | Found a burning altar of Makhleb.
  4039 | D:6      | Found Ocrae's Jewellery Boutique.
  4077 | D:6      | Found a shattered altar of Ashenzari.
  4078 | D:6      | Bought a +4 ring of strength for 297 gold pieces
  4378 | D:7      | Reached skill level 6 in Short Blades
  4431 | D:7      | Found a snail-covered altar of Cheibriados.
  4603 | D:7      | Found a glowing golden altar of the Shining One.
  4974 | D:8      | Found a glowing silver altar of Zin.
  5013 | D:8      | Reached **** piety under Okawaru
  5015 | D:8      | Noticed a two-headed ogre
  5017 | D:8      | Noticed a two-headed ogre
  5104 | D:7      | Killed a two-headed ogre
  5104 | D:7      | Reached skill level 7 in Short Blades
  5104 | D:7      | Reached skill level 1 in Stealth
  5141 | D:8      | Killed a two-headed ogre
  5141 | D:8      | Reached ***** piety under Okawaru
  5141 | D:8      | Received a gift from Okawaru
  5141 | D:8      | Reached skill level 8 in Short Blades
  5141 | D:8      | Reached skill level 1 in Evocations
  5141 | D:8      | Reached XP level 10. HP: 22/53 MP: 12/12
  5307 | D:7      | Reached skill level 5 in Armour
  5627 | D:8      | Reached skill level 9 in Short Blades
  5977 | D:8      | Found a hide-covered altar of Uskayaw.
  6359 | D:9      | Received a gift from Okawaru
  6499 | D:9      | Found a staircase to the Orcish Mines.
  6629 | D:9      | Found a roughly hewn altar of Beogh.
  6644 | D:9      | Killed from afar by an orc priest

Skill      XL: |  1  2  3  4  5  6  7  8  9 10 |
---------------+-------------------------------+-----
Shields        | 3 4 5 |  5.1
Long Blades    | 2 3 4 |  4.8
Fighting       | 3 4 6 |  6.7
Armour         | 3 4 5 |  5.5
Short Blades   | 1 5 8 9 |  9.8
Invocations    | 1 2 |  2.5
Stealth        | 1 |  1.1
Evocations     | 1 |  1.7
Dodging        | |  0.5

Action                   |  1- 3 |  4- 6 |  7- 9 | 10-12 || total
-------------------------+-------+-------+-------+-------++-------
Melee: Long sword        |    70 |   206 |    12 |       ||   288
       Bite              |    17 |    72 |   154 |    84 ||   327
       Short sword       |       |       |   392 |   174 ||   566
Evoke: Wand              |       |     3 |     8 |     7 ||    18
  Use: Scroll            |       |     3 |     1 |       ||     4
       Potion            |       |     1 |       |       ||     1
 Stab: Paralysed         |       |       |     3 |       ||     3
  Eat: Chunk             |       |     7 |     7 |     5 ||    19
Armor: Scale mail        |    22 |    29 |       |       ||    51
       Plate armour      |       |   108 |   176 |    34 ||   318
Dodge: Dodged            |    29 |    43 |    55 |    14 ||   141
Block: Shield            |    38 |   152 |   203 |    54 ||   447
       Reflection        |       |       |     3 |       ||     3
       Rpst.: Long sword |    10 |    19 |       |       ||    29
